 Dungeon Crawl Stone Soup version 0.27-a0-686-gaed091b46b (webtiles) character file.

Game seed: 1127638185082715075

1 sahdkjhfkaj the Vexing (level 1, 0/16 HPs)
             Began as a Palentonga Arcane Marksman on Mar 20, 2021.
             Slain by a kobold
             ... wielding a +0 club
              (1 damage)
             ... on level 1 of the Dungeon.
             The game lasted 00:00:20 (56 turns).

sahdkjhfkaj the Vexing (Palentonga Arcane Marksman)   Turns: 56, Time: 00:00:20

Health: 0/16       AC:  4    Str: 13    XL:     1   Next: 16%
Magic:  2/2        EV:  9    Int: 13    God:
Gold:   0          SH:  0    Dex: 10    Spells: 1/2 levels left

rFire    . . .     SeeInvis +   b - +2 whip (elec)
rCold    . . .     Faith    .   (no shield)
rNeg     . . .     Spirit   .   e - +0 robe
rPois    .         Reflect  .   (no helmet)
rElec    .         Harm     .   (no cloak)
rCorr    .         Rampage  .   (no gloves)
Will     .....                  (no barding)
Stlth    +.........             (no amulet)
HPRegen  0.05/turn              (no ring)
MPRegen  0.08/turn              (no ring)

@: no status effects
A: large, rugged brown scales 3, see invisible, deformed body, roll 1, armoured
tail
a: Rolling Charge


You were on level 1 of the Dungeon.
You visited 1 branch of the dungeon, and saw 1 of its levels.

Inventory:

Hand Weapons
 a - a +0 hand crossbow
 b - a +2 whip of electrocution (weapon)
Missiles
 d - 18 bolts
Armour
 e - a +0 robe (worn)
Scrolls
 c - a scroll of identify {unknown}


   Skills:
 + Level 1.2 Fighting
 - Level 1.5 Crossbows
 - Level 1.5 Dodging
 - Level 1.0 Spellcasting
 - Level 3.0 Hexes


You had one spell level left.
You knew the following spells:

 Your Spells              Type           Power      Damage    Failure   Level
a - Corona                Hex            8%         N/A       9%          1

Your spell library contained the following spells:

 Spells                   Type           Power      Damage    Failure   Level
 Slow                     Hex            8%         N/A       12%         2
 Inner Flame              Hex/Fire       4%         N/A       41%         3
 Portal Projectile        Hex/Tloc       8%         N/A       41%         3
 Cause Fear               Hex            4%         N/A       63%         4
 Leda's Liquefaction      Hex/Erth       2%         N/A       83%         4


Dungeon Overview and Level Annotations

Branches:
Dungeon (1/15)

Altars:


Innate Abilities, Weirdness & Mutations

You are completely covered in rugged brown scales. (AC +3, +7% HP)
You have supernaturally acute eyesight. (SInv)
Armour fits poorly on your strangely shaped body.
You can roll at nearby foes to attack.
You have a long armoured tail.


Message History

Welcome, sahdkjhfkaj the Palentonga Arcane Marksman.
The bosom of this dungeon contains the fabulous artefact, the Orb of Zot.
Press ? for a list of commands and other information.
Found a staircase leading out of the dungeon.
You open the door.
There is an open door here.
You open the door.
There is an open door here.
b - a scroll labelled PIDDOMAGOE A rat comes into view.
You shoot a bolt. The bolt hits the rat!
You kill the rat!
No target in view!
Found a glowing whip.
A kobold comes into view. It is wielding a +0 short sword.
You shoot a bolt. The bolt hits the kobold.
You kill the kobold!
Found a scroll labelled QAIHYP XEIHIAM.
A hobgoblin comes into view.
The hobgoblin shouts!
You see here a +2 whip of electrocution.
c - a +2 whip of electrocution A kobold comes into view.
It is wielding a +0 club.
You hear the crackle of electricity.
c - a +2 whip of electrocution (weapon)
The kobold shouts!
Adjust (i)tems, (s)pells, or (a)bilities?
c - a +2 whip of electrocution (weapon)
Adjust to which letter? (? for menu, Esc to quit)
b - a +2 whip of electrocution (weapon);
c - a scroll labelled PIDDOMAGOE The hobgoblin closely misses you.
You hit the hobgoblin.
The hobgoblin is lightly wounded.
The hobgoblin hits you.
You closely miss the hobgoblin.
The hobgoblin is lightly wounded.
The hobgoblin hits you.
You closely miss the hobgoblin.
The hobgoblin is lightly wounded.
The kobold closely misses you. The hobgoblin hits you.
The kobold hits you with a +0 club. As you open the door, it creaks loudly!
You hear an angry hiss.
The kobold hits you with a +0 club.
* * * LOW HITPOINT WARNING * * *
The hobgoblin completely misses you.
There is an open door here.
You aren't carrying any potions.
Okay, then.
You barely miss the kobold. The kobold hits you with a +0 club.
You die...

...................+
##.....(...........#
...................#
...................#
...................#
...................#
.####.............#
####.............#
+@Kg..............
####....##########
#...........#
#...........#
#...........#
##..........#
#..........#
#..........#
#..........#


You could see a hobgoblin and a kobold.

Vanquished Creatures
  A kobold (D:1)
  A rat (D:1)
2 creatures vanquished.

Notes
Turn   | Place    | Note
-------+----------+-------------------------------------------
     0 | D:1      | sahdkjhfkaj the Palentonga Arcane Marksman began the quest
                  | for the Orb.
     0 | D:1      | Reached XP level 1. HP: 16/16 MP: 2/2
    56 | D:1      | Slain by a kobold

Illustrated notes

Levels and vault maps discovered:
D:1:      heliophobic_arrival_glass_houses, layout_basic, minmay_lizard_pond

Action                   || total
-------------------------++-------
Melee: Whip              ||     4
 Fire: Hand crossbow     ||     2
Dodge: Dodged            ||     3

Table legend: (Time is in decaauts)
 A = Elapsed time spent in this place.
 B = Non-inter-level travel time spent in this place.
 C = Inter-level travel time spent in this place.
 D = Time resting spent in this place.
 E = Time spent auto-exploring this place.
 F = Levels seen in this place.
 G = Mean time per level.
                   A        B        C        D        E       F      G
               +--------+--------+--------+--------+--------+-----+--------+
         Total |     56 |     56 |      0 |      0 |     27 |   1 |   56.0 |
       Dungeon |     56 |     56 |      0 |      0 |     27 |   1 |   56.0 |
               +--------+--------+--------+--------+--------+-----+--------+

Top non-repeatable levels by time:
     D:1: 56 daAuts
